 Dungeon Crawl Stone Soup version 0.30.0-29-ga12c61a403 (webtiles) character file.

Game seed: 6689990619648264896

130 safid the Chiller (level 5, -3/39 HPs)
             Began as a Merfolk Ice Elementalist on June 13, 2023.
             Killed from afar by Sigmund (4 damage)
             ... with a magic dart
             ... on level 3 of the Dungeon.
             The game lasted 00:04:06 (2674 turns).

safid the Chiller (Merfolk Ice Elementalist)        Turns: 2674, Time: 00:04:07

Health: -3/39      AC: 10    Str:  9    XL:     5   Next: 14%
Magic:  0/9        EV: 12    Int: 16    God:
Gold:   203        SH:  5    Dex: 14    Spells: 3/10 levels left

rFire   . . .        o - +0 mace
rCold   . . .        (no shield)
rNeg    . . .        a - +0 robe
rPois   +            e - +0 helmet
rElec   .            (no cloak)
rCorr   .            (no gloves)
SInv    .            n - +0 pair of boots
Will    .....        j - amulet of reflection
Stlth   ++           f - ring of poison resistance
HPRegen 0.26/turn    (no ring)
MPRegen 0.11/turn

%: reflection
@: ice-armoured, very slightly contaminated
A: (nimble swimmer 2), mertail
a: no special abilities


You were on level 3 of the Dungeon.
You visited 1 branch of the dungeon, and saw 3 of its levels.

You collected 203 gold pieces.

Inventory:

Hand Weapons
 o - a +0 mace (weapon)
Armour
 a - a +0 robe (worn)
 e - a +0 helmet (worn)
 n - a +0 pair of boots (worn)
Jewellery
 f - a ring of poison resistance (left hand)
 j - an amulet of reflection (around neck)
Scrolls
 c - a scroll of poison {unknown}
 d - 8 scrolls of identify {unknown}
 g - 2 scrolls of noise {unknown}
 r - a scroll of silence {unknown}
Potions
 b - a potion of magic
 h - a potion of heal wounds {unknown}
 i - a potion of ambrosia {unknown}
 k - 2 potions of curing {unknown}
 l - a potion of brilliance {unknown}
 m - a potion of berserk rage {unknown}
 p - a potion of invisibility {unknown}
 q - a potion of might {unknown}


   Skills:
 + Level 2.7 Fighting
 - Level 2.6 Dodging
 - Level 2.1 Stealth
 + Level 3.1 Spellcasting
 + Level 5.3 Ice Magic


You had 3 spell levels left.
You knew the following spells:

 Your Spells              Type           Power      Damage    Failure   Level
a - Freeze                Ice            76%        1d8       1%          1
b - Frozen Ramparts       Ice            38%        1d6       6%          3
c - Ozocubu's Armour      Ice            19%        N/A       6%          3

Your spell library contained the following spells:

 Spells                   Type           Power      Damage    Failure   Level
 Cigotuvi's Dreadful Rot  Necr/Pois/Air  4%         N/A       28%         2
 Ignite Poison            Fire/Tmut/Pois 2%         N/A       50%         3
 Summon Ice Beast         Ice/Summ       11%        N/A       52%         4
 Freezing Cloud           Conj/Ice/Air   4%         6-21      94%         5


Dungeon Overview and Level Annotations

Branches:
Dungeon (3/15)

Altars:
Okawaru

Annotations:
D:3 Sigmund


Innate Abilities, Weirdness & Mutations

((You are very nimble when in or above water. (Stealth+, EV+, Speed+++)))
Your lower body shifts to a powerful aquatic tail in water.


Message History

Your icy armour will break if you move.
Continue?
You hit something but do no damage. Something hits you!
Your icy armour will break if you move.
Continue?
You hit something but do no damage. You block something's attack.
Your icy armour will break if you move.
Continue?
You barely miss something. Something hits you.
Your icy armour will break if you move.
Continue?
You closely miss something. Something hits you but does no damage.
Your icy armour will break if you move.
Continue?
You hit something. Something hits you.
Your magical contamination has completely faded away.
Your icy armour will break if you move.
Continue?
You barely miss something. Something hits you but does no damage.
Your icy armour will break if you move.
Continue?
You barely miss something. Something hits you.
Your icy armour will break if you move.
Continue?
You hit something. Something hits you!
* * * LOW HITPOINT WARNING * * *
Your icy armour will break if you move.
Continue?
You miss something. Something hits you.
* * * LOW HITPOINT WARNING * * *
Your icy armour will break if you move.
Continue?
You closely miss something. Something hits you.
* * * LOW HITPOINT WARNING * * *
Casting: Frozen Ramparts (dangerous; 6% risk of failure)
Confirm with . or Enter, or press ? or * to list all spells.
Casting: Frozen Ramparts (dangerous; 6% risk of failure)
Press: ? - help, Dir - look around, f - activate An open door, spattered with blood.
You miscast Frozen Ramparts.
You are very lightly contaminated with residual magic.
Nothing appears to happen.
Unknown command.
Okay, then.
Your icy armour will break if you move.
Continue?
You completely miss something.
You hear some strange, mumbled words.
A magic dart appears from out of thin air!
The magic dart hits you.
You die...

#)#.....#.....##'####
##)#####.#...........#
#........#.......<[..#
#........#...........###
#........#.............#
#######........#..........##.#
#..............#.####.....# .#
###............#.# #.....# #
#.....######@#'## #.....#
#.....##.....{).###.....#
########........#.......#
#........#.......#
#####'#..'.......+
#.####.......## #.#
#...........
####+####........... ####
#).....|............


There were no monsters in sight!

Vanquished Creatures
  3 gnolls (D:3)
  3 adders (D:2)
  A worm (D:2)
  3 dart slugs
  5 endoplasms
  A giant cockroach (D:3)
  7 goblins
  14 hobgoblins
  6 jackals
  5 kobolds
  A quokka (D:1)
  2 ball pythons
  6 bats
  2 frilled lizards (D:2)
  2 rats
61 creatures vanquished.

Notes
Turn   | Place    | Note
-------+----------+-------------------------------------------
     0 | D:1      | safid the Merfolk Ice Elementalist began the quest for the
                  | Orb.
     0 | D:1      | Reached XP level 1. HP: 13/13 MP: 3/3
   169 | D:1      | Reached XP level 2. HP: 20/20 MP: 3/5
   391 | D:1      | Reached skill level 1 in Fighting
  1005 | D:2      | Found an iron altar of Okawaru.
  1080 | D:2      | Reached XP level 3. HP: 25/26 MP: 6/6
  1084 | D:2      | Learned a level 3 spell: Frozen Ramparts
  1521 | D:2      | Reached skill level 5 in Ice Magic
  1652 | D:2      | Reached XP level 4. HP: 33/33 MP: 5/8
  2160 | D:3      | Noticed Sigmund
  2167 | D:2      | Learned a level 3 spell: Ozocubu's Armour
  2543 | D:3      | Reached XP level 5. HP: 36/39 MP: 2/9
  2672 | D:3      | HP: 1/39 [something (4)]
  2674 | D:3      | Killed from afar by Sigmund

Illustrated notes

Levels and vault maps discovered:
D:1:      minmay_arrival_radiant_lines, layout_basic, minivault_23
D:2:      cheibrodos_greedy_goblins, layout_basic, basic_altar
D:3:      layout_basic, tgw_xom, uniq_sigmund

Skill      XL: |  1  2  3  4 |
---------------+-------------+-----
Fighting       | 1 2 |  2.7
Ice Magic      | 5 |  5.3
Spellcasting   | 3 |  3.1
Dodging        | |  2.6
Stealth        | |  2.1

Action                     |  1- 3 |  4- 6 || total
---------------------------+-------+-------++-------
  Melee: Unarmed           |    11 |       ||    11
         Club              |    19 |       ||    19
         Mace              |     8 |    41 ||    49
   Cast: Freeze            |    49 |    25 ||    74
         Frozen Ramparts   |       |     3 ||     3
         Ozocubu's Armour  |       |     2 ||     2
   Stab: Sleeping          |     3 |     1 ||     4
 Armour: Robe              |    10 |    15 ||    25
  Dodge: Dodged            |    40 |    31 ||    71
  Block: Other             |    20 |    19 ||    39
         Reflection        |     1 |       ||     1
